 Dungeon Crawl Stone Soup version 0.27-a0-1200-g94dc6ad4cf (webtiles) character file.

Game seed: 11319626232361425205

47 quinnr the Conjurer (level 3, -1/21 HPs)
             Began as an Octopode Conjurer on May 31, 2021.
             Slain by a gnoll
             ... wielding a +2 whip of electrocution
              (7 damage)
             ... on level 1 of the Dungeon.
             The game lasted 00:05:53 (2140 turns).

quinnr the Conjurer (Octopode Conjurer)             Turns: 2140, Time: 00:05:53

Health: -1/21      AC:  1    Str:  6    XL:     3   Next: 70%
Magic:  4/6        EV: 13    Int: 21    God:
Gold:   67         SH:  0    Dex: 10    Spells: 4/7 levels left

rFire    . . .     SeeInvis .   (no weapon)
rCold    . . .     Faith    .   (no shield)
rNeg     . . .     Spirit   .   (helmet restricted)
rPois    .         Reflect  .   h - amulet of the acrobat
rElec    .         Harm     .   (no ring)
rCorr    .         Rampage  .   (no ring)
Will     .....                  (no ring)
Stlth    +++.......             (no ring)
HPRegen  0.07/turn              (no ring)
MPRegen  0.10/turn              (no ring)
                                (no ring)
                                (no ring)

@: no status effects
A: almost no armour, amphibious, 8 rings, camouflage 1, gelatinous body 1,
(nimble swimmer 1), tentacles
a: no special abilities


You were on level 1 of the Dungeon.
You visited 1 branch of the dungeon, and saw 2 of its levels.

You collected 67 gold pieces.

Inventory:

Jewellery
 h - an amulet of the acrobat (around mantle)
Scrolls
 b - a scroll of vulnerability {unknown}
 d - 2 scrolls of enchant armour
 e - a scroll of enchant weapon {unknown}
Potions
 a - 2 potions of curing
 c - a potion of mutation
 f - 2 potions of brilliance {unknown}
 g - 2 potions of flight {unknown}
 i - a potion of lignification {unknown}


   Skills:
 - Level 2.0 Dodging
 - Level 2.6 Stealth
 - Level 2.5 Spellcasting
 - Level 4.4 Conjurations
 * Level 1.9 Necromancy


You had 4 spell levels left.
You knew the following spells:

 Your Spells              Type           Power      Damage    Failure   Level
a - Magic Dart            Conj           84%        1d7       2%          1
b - Pain                  Necr           40%        1d6       6%          1
c - Animate Skeleton      Necr           20%        N/A       6%          1

Your spell library contained the following spells:

 Spells                   Type           Power      Damage    Failure   Level
 Searing Ray              Conj           42%        3d4       3%          2
 Dazzling Flash           Conj/Hex       22%        N/A       17%         3
 Vampiric Draining        Necr           5%         2d6       19%         3
 Fulminant Prism          Conj/Hex       5%         3d7       50%         4
 Iskenderun's Mystic Bla  Conj/Tloc      11%        2d4       50%         4
 Animate Dead             Necr           5%         N/A       52%         4
 Agony                    Necr           10%        N/A       86%         5


Dungeon Overview and Level Annotations

Branches:
Dungeon (2/15)

Altars:


Innate Abilities, Weirdness & Mutations

You cannot wear most types of armour.
You are amphibious.
You can wear up to eight rings at the same time.
Your skin changes colour to match your surroundings (Stealth+).
Your rubbery body absorbs attacks. (AC +1, EV +1)
((You are camouflaged near water. (Stealth+)))
You have tentacles for arms and can constrict up to eight enemies at once.


Message History

Casting: Pain (safe; 8% risk of failure)
Confirm with . or Enter, or press ? or * to list all spells.
Aiming: Pain (safe; 8% risk of failure)
Press: ? - help, Shift-Dir - straight line, f/p - gnoll
Aim: a gnoll, wielding a +0 flail (almost dead, chance to affect: 66%)
The gnoll writhes in agony.
You kill the gnoll!
There is an open door here.
You close the door.
A gnoll opens the door.
There is an open door here.
You close the door.
A gnoll opens the door.
There is a stone staircase leading up here.
You climb upwards.
There is a stone staircase leading down here.
You start resting.
HP restored.
You start resting.
Magic restored.
You climb downwards.
The gnoll closely misses you.
The gnoll hits you with a +2 whip of electrocution.
There is a stone staircase leading up, spattered with blood here.
The gnoll hits you with a +2 whip of electrocution!
You climb upwards.
There is a stone staircase leading down here.
Casting: Pain (safe; 6% risk of failure)
Confirm with . or Enter, or press ? or * to list all spells.
Aiming: Pain (safe; 6% risk of failure)
Press: ? - help, Shift-Dir - straight line, f - gnoll
Aim: a gnoll, wielding a +2 whip of electrocution (chance to affect: 71%)
The gnoll writhes in agony.
The gnoll barely misses you.
Casting: Pain (safe; 6% risk of failure)
Confirm with . or Enter, or press ? or * to list all spells.
Aiming: Pain (safe; 6% risk of failure)
Press: ? - help, Shift-Dir - straight line, f/p - gnoll
Aim: a gnoll, wielding a +2 whip of electrocution (moderately wounded, chance to affect: 71%)
The gnoll writhes in agony.
The gnoll hits you with a +2 whip of electrocution!
You die...

#..# ###.........### ##.#
#.####.(...........###..#
######.##.......≈≈≈.......#.##
.......##.....≈≈≈≈≈≈≈.....#.#
.......##....≈≈≈≈≈≈≈≈≈....#.#
.......####################.#
.......# #..#
.......###################.##
................@g.........#
........#############.######
........### #># ..........#
#.# #########.# #.# #####
#.###########.#
....#####...#.........#
###................####
.)...########.........#


You could see a gnoll.

Vanquished Creatures
  A gnoll (D:2)
  An adder (D:2)
  A dart slug (D:1)
  2 endoplasms (D:2)
  3 goblins
  2 hobgoblins
  2 jackals (D:1)
  4 kobolds (D:1)
  5 ball pythons
  2 bats
  A frilled lizard (D:1)
  A rat (D:1)
25 creatures vanquished.

Notes
Turn   | Place    | Note
-------+----------+-------------------------------------------
     0 | D:1      | quinnr the Octopode Conjurer began the quest for the Orb.
     0 | D:1      | Reached XP level 1. HP: 11/11 MP: 3/3
     0 | D:1      | quinnr: !lg
     0 | D:1      | beem: 749. quinnr the Sneak (L10 OpFE), slain by a water
                  | moccasin (kmap: due_lair_maze_entry_diamond) on D:8 on
                  | 2021-05-31 01:58:08, with 4521 points after 13844 turns and
                  | 0:56:20.
     0 | D:1      | quinnr: !lg won
     0 | D:1      | beem: 2244. won the Magician (L1 DDWn), quit the game on
                  | D:1 (dpeg_arrival_connections) on 2018-04-14 03:44:29, with
                  | 0 points after 0 turns and 0:00:04.
     0 | D:1      | quinnr: !lg OcCj
     0 | D:1      | beem: No games for OcCj.
   288 | D:1      | Reached XP level 2. HP: 17/17 MP: 3/5
  1126 | D:2      | quinnr: ??pain
  1126 | D:2      | beem: pain[1/3]: L1 necro spell, exclusive to the Book of
                  | Necromancy. Inflicts 1hp non-fatal damage on the caster.
                  | Does 1d(4 + pow/5) damage, with a limit of 25 power, and
                  | bypasses AC - but checks Will and only affects monsters
                  | without life protection, or players without torment
                  | immunity. You might've been looking for {pain brand}.
  1126 | D:2      | quinnr: ??magic dart
  1126 | D:2      | beem: magic dart[1/1]: Level 1 conjuration spell that
                  | always hits if successfully cast. Does 1d8 damage at max
                  | power.
  1166 | D:2      | Learned a level 1 spell: Pain
  1168 | D:2      | Learned a level 1 spell: Animate Skeleton
  1217 | D:2      | Reached skill level 1 in Necromancy
  1217 | D:2      | Reached XP level 3. HP: 19/21 MP: 0/6
  2140 | D:1      | Slain by a gnoll

Illustrated notes

Levels and vault maps discovered:
D:1:      nzn_arrival_depleted_hourglass, layout_rooms
D:2:      layout_basic

Skill      XL: |  1  2 |
---------------+-------+-----
Necromancy     | 1 |  1.9
Dodging        | |  2.0
Stealth        | |  2.6
Spellcasting   | |  2.5
Conjurations   | |  4.4

Action                   || total
-------------------------++-------
Melee: Unarmed           ||    10
       Constrict         ||     4
       Tentacles         ||     2
 Cast: Magic Dart        ||    41
       Pain              ||    11
  Use: Scroll            ||     3
Armor: Skin              ||     3
Dodge: Dodged            ||     7

Table legend: (Time is in decaauts)
 A = Elapsed time spent in this place.
 B = Non-inter-level travel time spent in this place.
 C = Inter-level travel time spent in this place.
 D = Time resting spent in this place.
 E = Time spent auto-exploring this place.
 F = Levels seen in this place.
 G = Mean time per level.
                   A        B        C        D        E       F      G
               +--------+--------+--------+--------+--------+-----+--------+
         Total |   2141 |   2119 |     22 |    218 |   1644 |   2 | 1070.5 |
       Dungeon |   2141 |   2119 |     22 |    218 |   1644 |   2 | 1070.5 |
               +--------+--------+--------+--------+--------+-----+--------+

Top non-repeatable levels by time:
     D:1: 1123 daAuts
     D:2: 1018 daAuts
